 Dungeon Crawl Stone Soup version 0.31.0-9-g3a7656b989 (webtiles) character file.

Game seed: 1441894680405033117

83910 Gottschkopf the Devastator (level 15, -24/83 HPs)
             Began as a Deep Elf Conjurer on Feb 3, 2024.
             Was a Believer of Vehumet.
             Annihilated by a spriggan defender
             ... wielding a +2 quick blade of flaming
             ... led by the Enchantress
              (25 damage)
             ... on level 1 of the Depths.
             The game lasted 01:36:04 (16614 turns).

Gottschkopf the Devastator (Deep Elf Conjurer)     Turns: 16614, Time: 01:36:04

Health: -24/83     AC: 12    Str:  4    XL:     15   Next: 33%
Magic:  49/54      EV: 21    Int: 34    God:    Vehumet [**....]
Gold:   1577       SH:  0    Dex: 16    Spells: 17/44 levels left

rFire   . . .        N - +4 quarterstaff "Fefuyts" {freeze, Will+ Int+3}
rCold   . . .        (shield currently unavailable)
rNeg    . . .        x - +2 robe {Will+}
rPois   .            (no helmet)
rElec   .            w - scarf {harm}
rCorr   .            j - +2 pair of gloves {Dex+3}
SInv    +            l - +2 pair of boots
Will    +++..        v - amulet of magic regeneration
Stlth   ++++         c - ring of magical power
HPRegen 0.33/turn    F - ring of magical power
MPRegen 0.74/turn

%: random rage (3%), harm (+30% outgoing, +20% incoming)
@: lethally poisoned (-24 -> -50), about to teleport, unable to drink
A: inability to drink after injury 2, inability to use devices, hated by all,
inability to train armour, no forms, iridescent scales 1, see invisible, berserk
1, robust 1
a: Renounce Religion


You were on level 1 of the Depths.
You worshipped Vehumet.
Vehumet was pleased with you.
You visited 4 branches of the dungeon, and saw 19 of its levels.

You collected 1649 gold pieces.
You spent 72 gold pieces at shops.

Inventory:

Hand Weapons
 u - a +2 mace of protection
 H - the +11 short sword of Fee Simple {spect, Str+2 Dex+2}
   (You took it off an orc on level 8 of the Dungeon)

   Str+2:     It affects your strength (+2).
   Dex+2:     It affects your dexterity (+2).
 N - the +4 quarterstaff "Fefuyts" (weapon) {freeze, Will+ Int+3}
   (You found it on level 1 of the Depths)

   Int+3:     It affects your intelligence (+3).
   Will+:     It increases your willpower.
Armour
 j - a +2 pair of gloves of dexterity (worn)
 l - a +2 pair of boots (worn)
 t - a +0 troll leather armour
 w - a scarf of harm (worn)
 x - a +2 robe of willpower (worn)
 D - a +2 kite shield of protection
 G - a +1 troll leather armour {Snorg}
 J - a +2 robe of positive energy
 O - +0 acid dragon scales
Magical Staves
 m - a staff of cold
Jewellery
 c - a ring of magical power (left hand)
 p - a ring of fire
 v - an amulet of magic regeneration (around neck)
 B - a +5 ring of evasion
 E - an amulet of reflection
 F - a ring of magical power (right hand)
Scrolls
 d - 3 scrolls of teleportation
 f - a scroll of immolation
 g - a scroll of brand weapon
 i - 3 scrolls of amnesia
 k - 2 scrolls of revelation
 n - 4 scrolls of noise
 o - a scroll of enchant weapon {unknown}
 y - a scroll of silence {unknown}
 C - a scroll of poison
 L - a scroll of blinking
 M - 2 scrolls of enchant armour
Potions
 a - 4 potions of curing
 b - a potion of magic
 e - 4 potions of attraction
 h - 5 potions of heal wounds
 q - 2 potions of enlightenment
 r - a potion of cancellation
 s - a potion of ambrosia
 z - 2 potions of haste
 A - 3 potions of might
 I - 2 potions of lignification {unknown}
 K - 2 potions of brilliance


   Skills:
 - Level 2.1 Fighting
 + Level 15.4 Dodging
 - Level 10.1 Stealth
 - Level 7.0 Shields
 - Level 15.0 Spellcasting
 - Level 19.2 Conjurations
 - Level 4.0 Translocations
 - Level 6.1 Alchemy


You had 17 spell levels left.
You knew the following spells:

 Your Spells              Type           Power      Damage    Failure   Level
a - Magic Dart            Conj           100%       1d8       0%          1
b - Searing Ray           Conj           100%       2d8       0%          2
c - Fulminant Prism       Conj/Alch      42%        3d19      1%          4
d - Iskenderun's Mystic   Conj/Tloc      81%        2d16      1%          4
e - Mephitic Cloud        Conj/Alch/Air  70%        N/A       1%          3
f - Dazzling Flash        Conj/Hex       100%       N/A       1%          3
g - Orb of Destruction    Conj           51%        9d13      1%          7
h - Inner Flame           Hex/Fire       25%        N/A       4%          3

Your spell library contained the following spells:

 Spells                   Type           Power      Damage    Failure   Level
 Volatile Blastmotes      Fire/Tloc      78%        2d16      1%          3
 Static Discharge         Conj/Air       100%       3-8/arc   1%          2
 Flame Wave               Conj/Fire      74%        2d16      1%          4
 Ensorcelled Hibernation  Hex/Ice        50%        N/A       2%          2
 Scorch                   Fire           50%        2d7       2%          2
 Fugue of the Fallen      Necr           25%        N/A       4%          3
 Sticky Flame             Fire/Alch      46%        2d9       4%          4
 Airstrike                Air            12%        2d(2-18)  16%         4
 Anguish                  Hex/Necr       12%        N/A       16%         4
 Curse of Agony           Necr           25%        N/A       41%         5
 Silence                  Hex/Air        12%        N/A       41%         5
 Summon Blazeheart Golem  Fire/Summ      Unusable   N/A       N/A         4
 Summon Lightning Spire   Summ/Air       Unusable   N/A       N/A         4
 Spellforged Servitor     Conj/Summ      Unusable   N/A       N/A         7
 Summon Cactus Giant      Summ           Unusable   N/A       N/A         6

Dungeon Overview and Level Annotations

Branches:
Dungeon (15/15)            Temple (1/1) D:4            Lair (0/5) D:10
    Orc (2/2) D:10            Elf (0/3) Orc:2        Vaults (0/5) D:13
 Depths (1/4) D:15

Altars:
Ashenzari
Cheibriados
Dithmenos
Elyvilon
Gozag
Kikubaaqudgha
Makhleb
Nemelex Xobeh
Okawaru
Qazlal
Ru
Sif Muna
Trog
Uskayaw
Vehumet
Wu Jian
Xom
Zin
The Shining One

Shops:
D:9 !   D:10 (   Orc:2 =[![

Portals:
Abyss: D:3

Annotations:
D:3 2 transporters, Tinttamiau's ghost, amateur FeDe
D:4 1 transporter
Temple 2 transporters
Orc:1 4 transporters


Innate Abilities, Weirdness & Mutations

You sometimes lose the ability to drink potions when taking damage.
You cannot study or use magical devices.
You are hated by all.
You cannot train Armour skill.
You cannot voluntarily change form.
You are partially covered in iridescent scales. (AC +2)
You have supernaturally acute eyesight. (SInv)
You sometimes lose your temper in combat.
You are robust. (+10% HP)


Message History

The Enchantress collides with the spriggan defender!
The spriggan defender is heavily wounded.
The Enchantress is almost dead.
You feel very sick.
The Enchantress hits you with a +0 quick blade of venom!
You are more poisoned.
The Enchantress hits you with a +0 quick blade of venom!
You feel threatened and lose the ability to drink potions!
You are lethally poisoned!
As you read the scroll of teleportation, it crumbles to dust.
You feel strangely unstable.
You feel extremely sick.
The spriggan berserker utters an invocation to Trog.
The elephant goes berserk!
The Enchantress hits you with a +0 quick blade of venom!
* * * LOW HITPOINT WARNING * * *
You are more poisoned.
The Enchantress misses you.
You cannot drink potions in your current state!
Casting: Iskenderun's Mystic Blast (safe; 1% risk of failure)
Confirm with . or Enter, or press ? or * to list all spells.
You erupt in a blast of force!
The mystic blast hits the spriggan defender!
The spriggan defender is severely wounded.
The spriggan defender is knocked back by the mystic blast.
The spriggan defender collides with the spriggan defender!
The spriggan defender is almost dead.
You kill the spriggan defender!
Vehumet accepts your kill.
You feel your power returning.
The mystic blast hits the Enchantress!!
You kill the Enchantress!
Vehumet accepts your kill.
You feel your power returning.
* * * LOW HITPOINT WARNING * * *
You feel extremely sick.
* * * LOW HITPOINT WARNING * * *
You feel extremely sick.
The spriggan defender attacks as it pursues you!
The spriggan defender hits you with a +2 quick blade of flaming!!
You die...

######### #......)# ###
### #.#####.# i.?. ..####
#.#...#.# i....
..'..###.#.#.#.#####ii....
..##..##.#.#...#.i)ii.....
..###.##.#.#####@###.YY...
### #......#.....# .[... #
######.#.#.### +### #
#.....#.# # #####.### #
#.# # #.# # #.# # ...


You could see 2 spriggan defenders, 2 spriggan berserkers and a spriggan air
mage (repels missiles).

Vanquished Creatures
  the Enchantress (Depths:1)
  Rupert (Orc:2)
  Kirke (D:13)
  A spriggan defender (Depths:1)
  A very ugly thing (D:13)
  A vampire knight (Depths:1)
  An ettin (Orc:2)
  Snorg (Orc:2)
  Josephine (Orc:2)
  A fire dragon (Depths:1)
  A rakshasa (D:15)
  A spriggan air mage (Depths:1)
  3 ogre magi
  A catoblepas (D:14)
  8 centaur warriors
  2 hydras (D:15)
  5 boulder beetles
  15 two-headed ogres
  A death knight (D:13)
  3 tengu warriors
  2 occultists
  Amaemon (D:8)
  A titan skeleton (Depths:1)
  2 glowing orange brains
  A mana viper (shapeshifter) (D:15)
  4 skeletal warriors (D:12)
  2 deep trolls (Orc:2)
  2 phantasmal warriors (D:13)
  4 orc knights
  41 ugly things
  A harpy (shapeshifter) (D:14)
  A deep elf pyromancer (D:13)
  A necromancer (Depths:1)
  An orc sorcerer (Orc:1)
  A frost giant zombie (Depths:1)
  6 cyclopes
  A manticore (D:13)
  A guardian serpent (shapeshifter) (D:13)
  3 kobold blastminers
  2 unseen horrors
  A gargoyle (D:13)
  An orange demon (D:8)
  A komodo dragon (D:11)
  2 kobold demonologists
  A freezing wraith (D:13)
  10 trolls
  A water elemental (Depths:1)
  A culicivora (shapeshifter) (D:13)
  12 slime creatures
  A spriggan (Depths:1)
  5 wraiths
  A shadow (D:11)
  8 yaks
  7 hogs (D:13)
  16 humans
  2 vampire mosquitoes (D:14)
  A spriggan skeleton (Depths:1)
  A steam dragon (D:6)
  2 basilisks
  4 acid dragons
  A water moccasin (shapeshifter) (D:15)
  A water moccasin (D:6)
  13 orc warriors
  An ice beast (D:7)
  2 sky beasts
  23 ogres
  7 centaurs
  3 bullfrogs
  2 gnoll sergeants
  A cane toad simulacrum (Orc:2)
  4 scorpions
  A two-headed ogre simulacrum (Orc:2)
  7 wights
  An elephant simulacrum (Orc:2)
  A tengu skeleton (Depths:1)
  7 killer bees
  3 howler monkeys
  A bombardier beetle (D:5)
  A jelly (D:7)
  A gnoll bouda (D:9)
  10 orc priests
  3 hounds
  Jessica (D:3)
  An iguana (D:7)
  2 sleepcaps (D:6)
  13 orc wizards
  A spriggan simulacrum (Orc:2)
  2 wolf simulacra (Orc:2)
  20 gnolls
  7 adders
  2 naga simulacra (Orc:2)
  A shadow imp (D:7)
  A white imp (D:5)
  2 ufetubi (D:6)
  5 dart slugs
  A ribbon worm (D:2)
  53 orcs
  6 endoplasms
  2 giant cockroaches
  2 goblins
  7 hobgoblins
  7 jackals
  2 quokkas
  6 ball pythons
  4 bats
  5 frilled lizards
  3 kobolds
  5 rats
  A fulminant prism (D:14)
462 creatures vanquished.

Vanquished Creatures (others)
  123 fulminant prisms
123 creatures vanquished.

Grand Total: 585 creatures vanquished

Notes
Turn   | Place    | Note
-------+----------+-------------------------------------------
     0 | D:1      | Gottschkopf the Deep Elf Conjurer began the quest for the
                  | Orb.
     0 | D:1      | Reached XP level 1. HP: 10/10 MP: 6/6
   283 | D:1      | Reached skill level 5 in Conjurations
   283 | D:1      | Reached XP level 2. HP: 15/15 MP: 8/8
   688 | D:2      | Learned a level 2 spell: Searing Ray
   787 | D:2      | Reached XP level 3. HP: 19/19 MP: 9/9
  1467 | D:3      | Noticed Jessica
  1469 | D:3      | Killed Jessica
  1470 | D:3      | Reached skill level 6 in Conjurations
  1470 | D:3      | Reached XP level 4. HP: 24/24 MP: 10/10
  1510 | D:3      | Noticed a small abomination
  1512 | D:3      | Noticed Tinttamiau's ghost (amateur FeDe)
  1512 | D:3      | Noticed a small abomination
  1536 | D:3      | Found a transporter.
  1580 | D:3      | Found a transporter.
  1583 | D:3      | Noticed an ancient zyme
  1610 | D:3      | Found a one-way gate to the infinite horrors of the Abyss.
  1900 | D:3      | Reached skill level 7 in Conjurations
  1900 | D:3      | Reached XP level 5. HP: 28/28 MP: 11/11
  1906 | D:3      | Learned a level 4 spell: Fulminant Prism
  2746 | D:4      | Found a staircase to the Ecumenical Temple.
  2757 | D:4      | Reached skill level 1 in Alchemy
  2772 | Temple   | Found a transporter.
  2772 | Temple   | Found a transporter.
  2772 | Temple   | Found a transporter.
  2772 | Temple   | Found a transporter.
  2772 | Temple   | Entered the Ecumenical Temple
  2803 | Temple   | Became a worshipper of Ru the Awakened
  2919 | D:4      | Reached XP level 6. HP: 11/32 MP: 12/12
  2922 | D:4      | Reached skill level 8 in Conjurations
  2942 | D:4      | Learned a level 4 spell: Iskenderun's Mystic Blast
  3302 | D:4      | Found a transporter.
  3306 | D:4      | Noticed an ice beast
  3403 | D:4      | Noticed an ice beast
  3504 | D:5      | Entered Level 5 of the Dungeon
  3562 | D:5      | Reached XP level 7. HP: 36/36 MP: 13/13
  3642 | D:5      | Reached skill level 1 in Translocations
  3866 | D:5      | Gained mutation: You are hated by all. [Ru sacrifice]
  3866 | D:5      | Reached * piety under Ru
  3866 | D:5      | Reached ** piety under Ru
  4198 | D:6      | Reached skill level 9 in Conjurations
  4401 | D:6      | Noticed a steam dragon
  4429 | D:6      | Killed a steam dragon
  4432 | D:6      | Reached XP level 8. HP: 41/41 MP: 16/16
  4913 | D:7      | Learned a level 3 spell: Mephitic Cloud
  4932 | D:7      | Reached skill level 10 in Conjurations
  4939 | D:7      | Reached skill level 5 in Spellcasting
  5629 | D:8      | Identified the +11 short sword of Fee Simple {spect, Str+2
                  | Dex+2}
  5762 | D:8      | Gained mutation: You occasionally lose the ability to drink
                  | potions when taking damage. [Ru sacrifice]
  5762 | D:8      | Gained mutation: You sometimes lose the ability to drink
                  | potions when taking damage. [Ru sacrifice]
  5762 | D:8      | Reached *** piety under Ru
  5948 | D:8      | Reached XP level 9. HP: 41/45 MP: 19/19
  6124 | D:8      | Noticed an orange demon
  6126 | D:8      | Noticed Amaemon
  6132 | D:8      | Killed an orange demon
  6133 | D:8      | Reached skill level 5 in Dodging
  6135 | D:8      | Killed Amaemon
  6136 | D:8      | Reached skill level 11 in Conjurations
  6462 | D:8      | Found a glowing golden altar of the Shining One.
  6476 | D:8      | Found a shimmering blue altar of Sif Muna.
  6523 | D:9      | Found Ypsu's Distillery.
  6533 | D:9      | Bought a potion of degeneration for 12 gold pieces
  6533 | D:9      | Bought a potion of enlightenment for 60 gold pieces
  6672 | D:9      | Reached skill level 5 in Stealth
  6794 | D:9      | Reached XP level 10. HP: 49/50 MP: 23/23
  6800 | D:9      | Learned a level 3 spell: Dazzling Flash
  6818 | D:9      | Noticed a two-headed ogre
  6827 | D:9      | Killed a two-headed ogre
  6828 | D:9      | Reached skill level 12 in Conjurations
  6903 | D:9      | Learned a level 7 spell: Orb of Destruction
  6948 | D:9      | Identified the +8 rapier "Widowermaker" {flame, Dex+2}
  7183 | D:10     | Entered Level 10 of the Dungeon
  7188 | D:10     | Found a burning altar of Makhleb.
  7222 | D:10     | Found a staircase to the Lair.
  7276 | D:10     | Gained mutation: You are weak. (Str -2) [potion of
                  | mutation]
  7277 | D:10     | Lost mutation: You are weak. (Str -2) [potion of mutation]
  7277 | D:10     | Gained mutation: You sometimes lose your temper in combat.
                  | [potion of mutation]
  7277 | D:10     | Gained mutation: You have supernaturally acute eyesight.
                  | (SInv) [potion of mutation]
  7277 | D:10     | Gained mutation: You are robust. (+10% HP) [potion of
                  | mutation]
  7277 | D:10     | Gained mutation: You are partially covered in iridescent
                  | scales. (AC +2) [potion of mutation]
  7711 | D:10     | Reached skill level 13 in Conjurations
  7746 | D:10     | Identified a scroll of acquirement
  7746 | D:10     | Acquired a +1 pair of gloves of dexterity
  7776 | D:10     | Noticed an orc knight
  7790 | D:10     | Noticed an orc knight
  7792 | D:10     | Killed an orc knight
  7795 | D:10     | Killed an orc knight
  7842 | D:10     | Found a staircase to the Orcish Mines.
  7843 | D:10     | Found Mecokic's Weapon Shoppe.
  7885 | D:10     | Gained mutation: You cannot study or use magical devices.
                  | [Ru sacrifice]
  7885 | D:10     | Reached **** piety under Ru
  7885 | D:10     | Reached ***** piety under Ru
  7992 | D:11     | Reached skill level 14 in Conjurations
  8018 | D:11     | Noticed a red ugly thing
  8020 | D:11     | Killed a red ugly thing
  8069 | D:11     | Reached XP level 11. HP: 59/59 MP: 25/25
  8079 | D:11     | Reached skill level 15 in Conjurations
  8224 | D:11     | Noticed a cyan ugly thing
  8229 | D:11     | Killed a cyan ugly thing
  8275 | D:11     | Noticed a centaur warrior
  8278 | D:11     | Killed a centaur warrior
  8425 | D:11     | Noticed a two-headed ogre
  8433 | D:11     | Killed a two-headed ogre
  8434 | D:11     | Reached skill level 16 in Conjurations
  8439 | D:11     | Noticed a white ugly thing
  8443 | D:11     | Killed a white ugly thing
  8462 | D:11     | Noticed a two-headed ogre
  8471 | D:11     | Killed a two-headed ogre
  8770 | D:11     | Noticed a boulder beetle
  8782 | D:11     | Killed a boulder beetle
  8785 | D:11     | Noticed a two-headed ogre
  8814 | D:11     | Killed a two-headed ogre
  9150 | D:12     | Reached skill level 17 in Conjurations
  9308 | D:12     | Noticed a boulder beetle
  9312 | D:12     | Killed a boulder beetle
  9313 | D:12     | Reached skill level 1 in Fighting
  9408 | D:12     | Noticed a skeletal warrior
  9421 | D:12     | Killed a skeletal warrior
  9463 | D:12     | Noticed a skeletal warrior
  9463 | D:12     | Noticed a skeletal warrior
  9463 | D:12     | Noticed a skeletal warrior
  9481 | D:12     | Killed a skeletal warrior
  9482 | D:12     | Reached XP level 12. HP: 68/68 MP: 26/26
  9489 | D:12     | Noticed a two-headed ogre
  9493 | D:12     | Killed a two-headed ogre
  9966 | D:13     | Noticed a centaur warrior
  9966 | D:13     | Noticed a cyan very ugly thing
  9966 | D:13     | Noticed a two-headed ogre
  9966 | D:13     | Noticed a tengu warrior
  9966 | D:13     | Found a gate to the Vaults.
 10015 | D:13     | Noticed a two-headed ogre
 10020 | D:13     | Killed a two-headed ogre
 10052 | D:13     | Reached skill level 10 in Dodging
 10137 | D:13     | Killed a two-headed ogre
 10144 | D:13     | Killed a tengu warrior
 10148 | D:13     | Killed a centaur warrior
 10149 | D:13     | Reached skill level 10 in Spellcasting
 10254 | D:13     | Reached skill level 18 in Conjurations
 10258 | D:13     | Gained mutation: You cannot train Armour skill. [Ru
                  | sacrifice]
 10499 | D:13     | Learned a level 3 spell: Inner Flame
 10599 | D:13     | Noticed Kirke
 10614 | D:13     | Killed Kirke
 10615 | D:13     | Reached XP level 13. HP: 51/72 MP: 23/30
 10716 | D:13     | Killed a cyan very ugly thing
 11512 | Orc:1    | Entered Level 1 of the Orcish Mines
 11593 | Orc:1    | Found an ornate altar of the Wu Jian Council.
 11593 | Orc:1    | Found a transporter.
 11649 | Orc:1    | Found a transporter.
 11656 | Orc:1    | Found a transporter.
 11676 | Orc:1    | Found a transporter.
 11677 | Orc:1    | Found an ornate altar of the Wu Jian Council.
 11677 | Orc:1    | Noticed an orc warlord
 11705 | Orc:2    | Entered Level 2 of the Orcish Mines
 11751 | Orc:2    | Noticed Josephine
 11753 | Orc:2    | Noticed Snorg
 11754 | Orc:2    | Killed Josephine
 11941 | Orc:2    | Killed Snorg
 11950 | Orc:2    | Noticed Rupert
 11954 | Orc:2    | Killed Rupert
 12044 | Orc:2    | Found a staircase to the Elven Halls.
 12085 | Orc:2    | Gained mutation: You cannot voluntarily change form. [Ru
                  | sacrifice]
 12085 | Orc:2    | Reached ****** piety under Ru
 12101 | Orc:2    | Found a frozen archway.
 12200 | Orc:2    | Noticed an ettin
 12216 | Orc:2    | Killed an ettin
 12332 | Orc:2    | Reached XP level 14. HP: 79/79 MP: 21/34
 12496 | Orc:2    | Found Jekimism's Antique Armour Shop.
 12519 | Orc:2    | Found Foaxzyph's Armour Shop.
 12526 | Orc:2    | Found Tiw Pixay's Jewellery Shoppe.
 12537 | Orc:2    | Found Neducuq's Distillery.
 13225 | Temple   | Fell from the grace of Ru
 13225 | Temple   | Became a worshipper of Vehumet
 14039 | D:14     | Reached skill level 19 in Conjurations
 14054 | D:14     | Reached skill level 10 in Stealth
 14229 | D:14     | Reached skill level 15 in Spellcasting
 14357 | D:14     | Reached skill level 5 in Alchemy
 14500 | D:14     | You fall into a shaft and drop 1 floor!
 14500 | D:15     | Entered Level 15 of the Dungeon
 14776 | D:15     | Reached * piety under Vehumet
 14776 | D:15     | Offered knowledge of Sting by Vehumet.
 14786 | D:15     | Reached skill level 1 in Shields
 15284 | D:14     | Reached skill level 5 in Shields
 15599 | D:15     | Reached ** piety under Vehumet
 15599 | D:15     | Offered knowledge of Foxfire by Vehumet.
 15615 | D:15     | Reached XP level 15. HP: 83/83 MP: 36/36
 16111 | D:15     | Found a staircase to the Depths.
 16328 | Depths:1 | Entered Level 1 of the Depths
 16491 | Depths:1 | Offered knowledge of Volatile Blastmotes by Vehumet.
 16574 | Depths:1 | Identified the +4 quarterstaff "Fefuyts" {freeze, Will+
                  | Int+3}
 16606 | Depths:1 | Noticed the Enchantress
 16609 | Depths:1 | Reached skill level 15 in Dodging
 16613 | Depths:1 | Killed the Enchantress
 16614 | Depths:1 | HP: 1/83 [poisoned by the Enchantress]
 16614 | Depths:1 | Annihilated by a spriggan defender

Illustrated notes

Levels and vault maps discovered:
D:1:      minmay_arrival_loop, layout_rooms
D:2:      layout_loops_ring
D:3:      layout_basic, gammafunk_ghost_abyssal_escape, uniq_jessica
D:4:      gammafunk_cloud_chamber, layout_rooms, minmay_temple_entry_sparse_star
D:5:      layout_basic
D:6:      layout_cave_pools
D:7:      layout_rooms, nicolae_eternal_life
D:8:      layout_basic, jmf_multi_god_temple2, grunt_decor_one_mirror,
          uniq_amaemon
D:9:      layout_cave_pools, serial_shops, shop, nicolae_elevator_lobby_plus
D:10:     layout_roguey, bloody_makhleb, lair_entry_dummy, orc_david_3
D:11:     layout_basic, minmay_quadrilaterals
D:12:     layout_stronghold
D:13:     layout_basic, david_vaults_3, grunt_decor_junction, uniq_kirke
D:14:     layout_loops_corners, minmay_holes
D:15:     gammafunk_enter_depths_forms, layout_cave_pools,
          serial_co_window_serial, co_window_corner_a, co_window_paths_a,
          co_window_paths_a, co_window_paths_b, co_window_paths_a,
          co_window_corner_cb, co_window_broadway_b, co_window_of_opportunity_b,
          co_window_of_opportunity_b, glass_columns_b, glass_columns_a,
          glass_columns_a
Temple:   hellmonk_temple_divided_pantheon
Orc:1:    dreamdust_wu_jian_sword_trials, layout_caves, ebering_ghost_xom,
          statue_in_the_mist_lemuel
Orc:2:    st_orc_open, layout_caves, portal_ice_cave_entry_ice_simulacra,
          uniq_snorg, uniq_josephine, uniq_rupert
Depths:1: layout_roguey, serial_shops, nicolae_shop_window_shopping,
          serial_bayou, serial_bayou_pond_a, serial_bayou_pond_c,
          serial_bayou_lagoon_a, serial_bayou_pond_e, hell_entry,
          kennysheep_flooded_box, nrook_loot_triangle, grunt_ministairs_4,
          minmay_tree_intersection, st_stairs_1, minmay_crystal_water,
          kiku_gazebo_garden_becter, uniq_enchantress

Skill      XL: |  1  2  3  4  5  6  7  8  9 10 11 12 13 14 15 |
---------------+----------------------------------------------+-----
Conjurations   | 5 6 7 8 9 10 11 14 17 18 19 | 19.2
Alchemy        | 1 3 4 6 |  6.1
Translocations | 2 3 4 |  4.0
Dodging        | 3 4 6 7 8 11 13 15 | 15.4
Spellcasting   | 4 5 7 8 11 14 15 | 15.0
Stealth        | 5 6 9 10 | 10.1
Fighting       | 2 |  2.1
Shields        | 6 7 |  7.0

Action                     |  1- 3 |  4- 6 |  7- 9 | 10-12 | 13-15 || total
---------------------------+-------+-------+-------+-------+-------++-------
  Melee: Unarmed           |       |     2 |       |       |       ||     2
         Mace              |       |       |     7 |     2 |     1 ||    10
   Cast: Magic Dart        |    52 |    96 |   126 |   104 |   143 ||   521
         Searing Ray       |     1 |    10 |    21 |    18 |    24 ||    74
         Iskenderun's Myst |       |     1 |     9 |    25 |    73 ||   108
         Fulminant Prism   |       |       |    19 |    35 |    70 ||   124
         Mephitic Cloud    |       |       |     1 |     3 |     5 ||     9
         Orb of Destructio |       |       |       |    49 |    92 ||   141
         Inner Flame       |       |       |       |     1 |     5 ||     6
 Invoke: Sacrifice Love    |       |       |     1 |       |       ||     1
         Sacrifice Drink   |       |       |     1 |       |       ||     1
         Sacrifice Artific |       |       |       |     1 |       ||     1
         Sacrifice Durabil |       |       |       |     1 |       ||     1
         Sacrifice Forms   |       |       |       |       |     1 ||     1
    Use: Scroll            |       |     1 |     6 |    13 |     6 ||    26
         Potion            |       |       |     1 |     2 |       ||     3
 Armour: Robe              |     3 |    19 |    18 |    22 |    50 ||   112
  Dodge: Dodged            |     6 |    18 |    28 |    29 |    49 ||   130
